 Dungeon Sprint DCSS version 0.25-a0-420-g1cc7eeb0d1 (webtiles) character file.

Game seed: 11869600585010204269, levelgen mode: deterministic

42 Baz the Chiller (level 3, -1/33 HPs)
             Began as a Draconian Ice Elementalist on Jan 18, 2020.
             Was an Initiate of Vehumet.
             Slain by a chaos spawn (16 damage)
             ... in the Dungeon (Sprint V: "Ziggurat Sprint").
             The game lasted 00:01:48 (178 turns).

Baz the Chiller (Draconian Ice Elementalist)         Turns: 178, Time: 00:01:48

Health: -1/33      AC:  5    Str: 10    XL:     3   Next: 33%
Magic:  10/15      EV: 13    Int: 34    God:    Vehumet [......]
Gold:   0          SH:  0    Dex: 11    Spells: 10/11 levels left

rFire    . . .     SeeInvis .   F - +6 Majin-Bo {vamp, Archmagi MP+6 Int+6}
rCold    . . .     Gourm    .   (shield currently unavailable)
rNeg     . . .     Faith    .   (armour unavailable)
rPois    .         Spirit   .   (helmet restricted)
rElec    .         Reflect  .   (no cloak)
rCorr    .         Harm     .   (no gloves)
MR       .....     NoTele   +   (no boots)
Stlth    ++........             (no amulet)
HPRegen  0.11/turn              w - +6 ring of intelligence
MPRegen  0.14/turn              x - +6 ring of intelligence

@: slowed, very slow
A: unfitting armour, cold-blooded, AC +5
a: Renounce Religion


You were in the Dungeon.
You worshipped Vehumet.
Vehumet was noncommittal.
You were not hungry.

You visited 1 branch

Inventory:

Hand Weapons
 F - the +6 Majin-Bo (weapon) {vamp, Archmagi MP+6 Int+6}
   (You found it in the Dungeon)

   It inflicts no extra harm, but heals its wielder when it wounds a living foe.
   It affects your intelligence (+6).
   It affects your magic capacity (+6).
Armour
 G - a +3 buckler
 H - a +3 large shield
 I - a +3 shield
Magical Staves
 D - an uncursed staff of energy
Jewellery
 t - an uncursed ring of flight
 u - a +6 ring of dexterity
 v - a +6 ring of dexterity
 w - a +6 ring of intelligence (left hand)
 x - a +6 ring of intelligence (right hand)
 y - a +6 ring of strength
 z - a +6 ring of strength
Wands
 A - a wand of disintegration (7)
 B - a wand of iceblast (7)
 C - a wand of acid (7)
Scrolls
 h - 4 scrolls of blinking
 n - 4 scrolls of amnesia
 o - 7 scrolls of fog
 p - a scroll of holy word
 q - 5 scrolls of identify
 r - 5 scrolls of remove curse
 s - 2 scrolls of fear
Potions
 a - 2 potions of brilliance
 c - 10 potions of curing
 d - 10 potions of heal wounds
 e - 6 potions of haste
 f - 7 potions of magic
 g - 3 potions of berserk rage
 i - 2 potions of invisibility
 j - 4 potions of resistance
 l - 5 potions of agility
 m - 5 potions of might
Miscellaneous
 E - a crystal ball of energy
Comestibles
 b - 7 rations


   Skills:
 - Level 3.7 Fighting
 + Level 4.4 Dodging
 - Level 1.7 Stealth
 + Level 4.5 Spellcasting
 + Level 6.0 Ice Magic


You had 10 spell levels left.
You knew the following spells:

 Your Spells              Type           Power        Failure   Level  Hunger
a - Freeze                Ice            ####         1%          1    None

Your spell library contained the following spells:

 Spells                   Type           Power        Failure   Level  Hunger
 Ozocubu's Armour         Chrm/Ice       #####...     4%          3    None
 Hailstorm                Conj/Ice       #####...     14%         4    ###....
 Summon Ice Beast         Ice/Summ       #####...     14%         4    ###....


Dungeon Overview and Level Annotations

Branches:
Dungeon (1/1)

Altars:
Ashenzari
Cheibriados
Dithmenos
Elyvilon
Fedhas
Gozag
Hepliaklqana
Kikubaaqudgha
Makhleb
Nemelex Xobeh
Okawaru
Qazlal
Ru
Sif Muna
Trog
Uskayaw
Vehumet
Wu Jian
Xom
Yredelemnul
Zin
The Shining One
Beogh
Jiyva
Lugonu

Annotations:
D 1 transporter


Innate Abilities, Weirdness & Mutations

Your plain brown scales are hard. (AC +5)
You cannot fit into any form of body armour.
You are cold-blooded and may be slowed by cold attacks.


Message History

The chaos spawn hits you!
You feel yourself slow down.
Unknown command.
Casting: Freeze (safe; 1% risk of failure)
Confirm with . or Enter, or press ? or * to list all spells.
Aiming: Freeze (safe; 1% risk of failure)
Press: ? - help, Shift-Dir - straight line, f - chaos spawn
Aim: a chaos spawn You feel a surge of power!
You freeze the chaos spawn!
The chaos spawn is moderately wounded.
The chaos spawn hits you!
The chaos spawn draws strength from your injuries!
Casting: Freeze (safe; 1% risk of failure)
Confirm with . or Enter, or press ? or * to list all spells.
Aiming: Freeze (safe; 1% risk of failure)
Press: ? - help, Shift-Dir - straight line, f/p - chaos spawn
Aim: a chaos spawn (moderately wounded)
You feel a surge of power!
You freeze the chaos spawn!
The chaos spawn is heavily wounded.
The chaos spawn gores you!
You die...

▓▓▓▓▓▓▓
▓.8©8.▓
▓.....▓
▓.[.).▓
▓.....▓
▓...4.▓
▓..©@.▓
▓▓▓▓▓▓▓


You could see a chaos spawn.

Vanquished Creatures
  A crimson imp (D)
1 creature vanquished.

Vanquished Creatures (others)
  A spatial maelstrom (D)
1 creature vanquished.

Grand Total: 2 creatures vanquished

Notes
Turn   | Place    | Note
-------+----------+-------------------------------------------
     0 | D        | Baz the Draconian Ice Elementalist began the quest for the
                  | Orb.
     0 | D        | Reached XP level 1. HP: 14/14 MP: 3/3
     0 | D        | Found a shimmering blue altar of Sif Muna.
     0 | D        | Found a sacrificial altar of Ru.
     0 | D        | Found a bloodstained altar of Trog.
     0 | D        | Found a stormy altar of Qazlal.
     0 | D        | Found an iron altar of Okawaru.
     0 | D        | Found a sparkling altar of Nemelex Xobeh.
     0 | D        | Found a blossoming altar of Fedhas.
     1 | D        | Found the +6 Majin-Bo {vamp, Archmagi MP+6 Int+6}
     1 | D        | Found the +7 great mace "Firestarter" {inner flame, rF++}
     2 | D        | Found a transporter.
     2 | D        | Found an ancient bone altar of Kikubaaqudgha.
     2 | D        | Found a viscous altar of Jiyva.
     2 | D        | Found a corrupted altar of Lugonu.
     2 | D        | Found a hazy altar of Hepliaklqana.
     2 | D        | Found a burning altar of Makhleb.
     2 | D        | Found an opulent altar of Gozag.
    10 | D        | Banished a spatial maelstrom
    26 | D        | Found the +9 heavy crossbow "Sniper" {vorpal, Acc+∞ SInv}
    26 | D        | Found the +10 dark maul {vorpal}
    26 | D        | Found the +15 Maxwell's patent armour {-Cast -Tele rElec
                  | MR+ rCorr}
    26 | D        | Found the +18 shield of the Gong {rElec rN+ MR+ EV-5}
    26 | D        | Found the cursed +14 obsidian axe {vorpal, +Fly SInv
                  | *Curse}
    62 | D        | Became a worshipper of Vehumet
    92 | D        | Found the +6 shillelagh "Devastator" {shatter}
    92 | D        | Found the +11 plutonium sword {*Contam Stlth-}
    92 | D        | Found the +8 lance "Wyrmbane" {slay drac, rPois rF+ rC+
                  | AC+3}
    92 | D        | Found the +9 sword of Zonguldrok {reap}
    92 | D        | Found the cursed +13 scythe of Curses {drain, *Curse}
    92 | D        | Found the +0 sword of Power
    92 | D        | Found the +7 mace of Variability {chain chaos}
    92 | D        | Found the +7 Singing Sword {vorpal, sonic wave}
    92 | D        | Found the +8 storm bow {elec, penet}
    97 | D        | Reached skill level 5 in Ice Magic
    97 | D        | Reached XP level 2. HP: 27/27 MP: 3/6
   174 | D        | Entered arena 2.
   174 | D        | Noticed a crimson imp
   174 | D        | Noticed a chaos spawn
   174 | D        | Found a transporter.
   175 | D        | Found the +8 orange crystal plate armour {Archmagi, Int+3
                  | Clar}
   176 | D        | Killed a crimson imp
   176 | D        | Reached skill level 6 in Ice Magic
   176 | D        | Reached XP level 3. HP: 33/33 MP: 9/9
   178 | D        | Slain by a chaos spawn

Levels and vault maps discovered:
D:        sprint_v [room_start, room_1, room_2, room_3, room_4, room_5, room_6,
          room_7, room_8, room_9, room_10, room_11, room_12, room_13, room_14,
          room_15, room_16, room_17, room_18, room_19, room_20, room_21,
          room_22, room_23, room_24, room_25, room_26, room_27]

Skill      XL: |  1  2 |
---------------+-------+-----
Fighting       | 3 |  3.7
Dodging        | 3 4 |  4.4
Spellcasting   | 3 4 |  4.5
Ice Magic      | 5 6 |  6.0
Stealth        | |  1.7

Action                   || total
-------------------------++-------
 Cast: Freeze            ||     3
  Use: Potion            ||     1

Table legend:
 A = Non-vault XP
 B = Vault XP
 C = Vault XP percentage of total XP
 D = Non-vault monster count
 E = Vault monster count
 F = Vault count percentage of total count
                 A         B        C        D         E       F
            +---------+---------+-------+---------+---------+-------
      Total |       0 |      48 | 100.0 |       0 |       1 | 100.0
            +---------+---------+-------+---------+---------+-------
          D |       0 |      48 | 100.0 |       0 |       1 | 100.0
            +---------+---------+-------+---------+---------+-------
